[Event "Titled Tuesday Blitz November 14 Early 2023"]
[White "Kovalev, Vladislav"]
[Black "Samunenkov, Ihor"]
[WhiteFideId "13504398"]
[BlackFideId "14187086"]
[WhiteElo "2904"]
[BlackElo "2763"]
[Result "0-1"]
[Round "7"]
[TimeControl "180+1"]
[Date "2023.11.14"]
[WhiteClock "0:00:00"]
[BlackClock "0:00:04"]
[Board "23"]

1. e4 e5 2. Nf3 Nf6 3. Nxe5 d6 4. Nf3 Nxe4 5. d4 d5 6. Bd3 Bd6 7. O-O O-O 8. c4 c6 9. Nc3 Nxc3 10. bxc3 dxc4 11. Bxc4 Bf5 12. Re1 Nd7 13. a4 Qa5 14. Nh4 Rae8 15. Nxf5 Rxe1+ 16. Qxe1 Qxf5 17. Bd2 Nb6 18. Bf1 Nd5 19. g3 b6 20. Qe2 Qc2 21. c4 Nf6 22. Be3 Qxe2 23. Bxe2 c5 24. dxc5 Bxc5 25. Bxc5 bxc5 26. Rb1 Re8 27. Bf3 Kf8 28. Rb5 Re1+ 29. Kg2 Ra1 30. Rb8+ Ke7 31. Rb7+ Kd6 32. Rxa7 Nd7 33. a5 f5 34. Ra8 f4 35. gxf4 Ra3 36. a6 Nb6 37. Rd8+ Ke7 38. Rg8 Kf7 39. Rb8 Rxa6 40. Rb7+ Kf6 41. Rc7 Nxc4 42. Rxc5 Nd6 43. Rc7 Rb6 44. Rd7 h6 45. Bd5 g5 46. fxg5+ hxg5 47. f3 Rb2+ 48. Kf1 Ke5 49. Bc6 Rxh2 50. Kg1 Rc2 51. Ba8 Rb2 52. Rd8 Nf5 53. Be4 Nh4 54. Rf8 g4 55. fxg4 Kxe4 56. g5 Nf3+ 57. Kf1 Nxg5 58. Ke1 Nf3+ 59. Kd1 Rh2 60. Kc1 Ke3 61. Re8+ Kd3 62. Rd8+ Nd4 63. Kb1 Rg2 64. Rd7 Rg5 65. Rd8 Rg6 66. Kb2 Rb6+ 67. Kc1 Kc3 68. Rc8+ Nc6 69. Kd1 Kd3 70. Ke1 Nd4 71. Kf2 Rg6 72. Re8 Rf6+ 73. Kg2 Ne6 74. Ra8 Ke3 75. Ra3+ Ke4 76. Ra4+ Nd4 77. Rb4 Ke3 78. Ra4 Rg6+ 79. Kh3 Rg8 80. Ra3+ Kf4 81. Ra4 Ke5 82. Ra5+ Ke4 83. Ra4 Rg7 84. Kh4 Ke5 85. Kh3 Nf5 86. Rb4 Nd6 87. Kh2 Ne4 88. Rb8 Kf4 89. Rf8+ Ke3 90. Ra8 Rg6 91. Ra3+ Ke2 92. Ra2+ Kf3 93. Ra3+ Kf4 0-1


[Site "https://www.chess.com"]

[Event "Titled Tuesday Blitz November 14 Early 2023"]
[White "Chigaev, Maksim"]
[Black "Korchmar, Vasiliy"]
[WhiteFideId "4108116"]
[BlackFideId "24131750"]
[WhiteElo "2901"]
[BlackElo "2755"]
[Result "1-0"]
[Round "7"]
[TimeControl "180+1"]
[Date "2023.11.14"]
[WhiteClock "0:00:16"]
[BlackClock "0:00:00"]
[Board "24"]

1. d4 d5 2. c4 e6 3. Nf3 Nf6 4. g3 dxc4 5. Bg2 Bb4+ 6. Nbd2 O-O 7. Qc2 a5 8. a3 Bxd2+ 9. Bxd2 b5 10. a4 c6 11. h4 h6 12. h5 Nbd7 13. Rh4 Nb6 14. Ne5 Bd7 15. Qc1 Kh7 16. axb5 cxb5 17. Bxa8 Qxa8 18. f3 a4 19. g4 Nfd5 20. e4 Ne7 21. Bb4 Nc6 22. Nxc6 Bxc6 23. g5 Qb8 24. Kf2 Qd8 25. Bxf8 hxg5 26. Rg4 Qxf8 27. Qxg5 1-0


[Site "https://www.chess.com"]

[Event "Titled Tuesday Blitz November 14 Early 2023"]
[White "Steinberg, Nitzan"]
[Black "Atakhan, Abtin"]
[WhiteFideId "2801795"]
[BlackFideId "22502203"]
[WhiteElo "2890"]
[BlackElo "2751"]
[Result "1-0"]
[Round "7"]
[TimeControl "180+1"]
[Date "2023.11.14"]
[WhiteClock "0:01:47"]
[BlackClock "0:00:56"]
[Board "25"]

1. e4 c5 2. Nf3 d6 3. d4 cxd4 4. Nxd4 Nf6 5. Nc3 a6 6. h4 e5 7. Nb3 Be6 8. f4 g6 9. Be2 Nc6 10. h5 Nxh5 11. Bxh5 gxh5 12. f5 Bxb3 13. axb3 Rg8 14. Be3 Rxg2 15. Nd5 Rc8 16. Kf1 Rg4 17. Rxh5 Rh4 18. Bb6 Rxh5 19. Qxh5 1-0


[Site "https://www.chess.com"]

[Event "Titled Tuesday Blitz November 14 Early 2023"]
[White "Hua, Lefong"]
[Black "AlmasRakhmatullaev"]
[WhiteFideId "2602253"]
[WhiteElo "2704"]
[BlackElo "2884"]
[Result "1/2-1/2"]
[Round "7"]
[TimeControl "180+1"]
[Date "2023.11.14"]
[WhiteClock "0:00:20"]
[BlackClock "0:00:12"]
[Board "26"]

1. d4 Nf6 2. c4 g6 3. Nc3 Bg7 4. e4 d6 5. f4 O-O 6. Nf3 c5 7. d5 e6 8. Be2 exd5 9. cxd5 Re8 10. Nd2 Ng4 11. Bxg4 Qh4+ 12. g3 Qxg4 13. Qxg4 Bxg4 14. Nb5 Na6 15. Nxd6 Re7 16. h3 Bd7 17. Kf2 Nb4 18. e5 Nxd5 19. N2e4 Bc6 20. Rd1 b6 21. Bd2 f6 22. Nxf6+ Nxf6 23. exf6 Bxf6 24. Bc3 Bxc3 25. bxc3 Ba4 26. Re1 Rd7 27. Ne4 Kg7 28. Re2 h6 29. Rae1 Rad8 30. h4 Rd3 31. Re3 R3d7 32. R3e2 Bb5 33. Rb2 Bc4 34. a3 Rd3 35. Re3 Rd1 36. g4 Rf1+ 37. Kg3 Rg1+ 38. Rg2 Rxg2+ 39. Kxg2 Rd1 40. Nf2 Rd7 41. g5 h5 42. Kf3 a5 43. Ne4 Bd5 44. Kf2 Bxe4 45. Rxe4 Kf7 46. Re3 c4 47. Re4 b5 48. Re5 Rd3 49. Rxb5 Rxc3 50. Rxa5 Ke6 51. Rc5 Rc2+ 52. Kf3 Rc3+ 53. Ke4 Kd6 54. Rc8 Rc1 55. a4 c3 56. Kd3 Rd1+ 57. Kc2 Rd4 58. Kxc3 Rxa4 59. Rg8 Rxf4 60. Rxg6+ Ke5 61. Rg8 Rxh4 62. g6 Kf6 63. Kd2 Rg4 64. Ke3 h4 65. Kf3 Rg3+ 66. Kf2 Rg5 67. g7 Rxg7 68. Rxg7 Kxg7 69. Kg2 Kg6 70. Kh3 Kh5 71. Kh2 Kg4 72. Kh1 h3 73. Kg1 Kh4 74. Kh1 Kg3 75. Kg1 h2+ 76. Kh1 Kh3 1/2-1/2


[Site "https://www.chess.com"]

[Event "Titled Tuesday Blitz November 14 Early 2023"]
[White "Dowgird, Filip"]
[Black "Klukin, Kirill"]
[WhiteFideId "1121235"]
[BlackFideId "24199273"]
[WhiteElo "2691"]
[BlackElo "2862"]
[Result "1/2-1/2"]
[Round "7"]
[TimeControl "180+1"]
[Date "2023.11.14"]
[WhiteClock "0:00:20"]
[BlackClock "0:00:25"]
[Board "27"]

1. d4 Nf6 2. Bg5 e6 3. Nd2 d5 4. c3 Be7 5. e3 c5 6. Bd3 Nc6 7. Ngf3 h6 8. Bh4 O-O 9. O-O b6 10. a4 Bb7 11. Qb1 Nd7 12. Bg3 Bf6 13. Re1 e5 14. dxe5 Ndxe5 15. Bb5 a6 16. Bxc6 Nxc6 17. e4 Re8 18. e5 Be7 19. Qf5 Bc8 20. Qh5 Be6 21. Nh4 Qd7 22. h3 Kh7 23. f4 g6 24. Qe2 f5 25. Nhf3 Qb7 26. Bh4 Bf8 27. Qf2 Be7 28. Kh2 Bxh4 29. Qxh4 Rad8 30. Ng5+ Kg7 31. Nxe6+ Rxe6 32. g4 Rf8 33. Rg1 Qe7 34. Nf3 Qxh4 35. Nxh4 fxg4 36. Rxg4 Ne7 37. Rag1 h5 38. Rg5 Rxf4 39. Rxh5 Rf2+ 40. Kh1 Nc6 41. Nf5+ Kg8 42. Rhg5 Nxe5 43. Nh4 Kf7 44. b4 Nf3 45. Nxf3 Rxf3 46. Rxd5 Rxh3+ 47. Kg2 Rxc3 48. Rf1+ Rf6 49. Rb1 Rc2+ 50. Kg3 Rc3+ 51. Kg2 Rc4 52. bxc5 Rxc5 53. Rd7+ Ke6 54. Rb7 Rg5+ 55. Kh3 b5 56. axb5 axb5 57. R7xb5 Rff5 58. Re1+ Kf6 59. Rb6+ Kg7 60. Re7+ Rf7 61. Rxf7+ Kxf7 62. Kh4 Ra5 63. Kg4 Kg7 64. Kh4 Kh6 65. Kg4 Ra4+ 66. Kg3 Kg5 67. Rb5+ Kf6 68. Rb6+ Kf5 69. Rb5+ Ke6 70. Rb6+ Kf7 71. Rb7+ Kf6 72. Rb6+ Kg7 73. Rb7+ Kh6 74. Rb5 Rc4 75. Ra5 Rd4 76. Rb5 Rd1 77. Ra5 Rg1+ 78. Kh3 Rh1+ 79. Kg4 Rf1 80. Rb5 Rg1+ 81. Kh4 Rh1+ 82. Kg4 Rd1 83. Ra5 Rd4+ 84. Kg3 g5 85. Ra8 Rd3+ 86. Kg4 Rd4+ 87. Kg3 Rb4 88. Rc8 Kg6 89. Rc6+ Kh5 90. Rc3 Rg4+ 91. Kh3 Ra4 92. Rb3 Ra1 93. Kg3 Rg1+ 94. Kh3 Rg4 95. Rb8 Rh4+ 96. Kg3 Kg6 97. Rb6+ Kh5 98. Rb8 Ra4 99. Rh8+ Kg6 100. Rg8+ Kh6 101. Rh8+ Kg7 102. Rb8 Rd4 103. Ra8 Re4 104. Ra6 Kf7 105. Rb6 Rf4 106. Ra6 Kg7 107. Rb6 Rf6 108. Rxf6 Kxf6 109. Kg4 Kg6 110. Kg3 Kf5 111. Kf3 g4+ 112. Kg3 Kg5 113. Kg2 Kf4 114. Kf2 g3+ 115. Kg2 Kg4 116. Kg1 Kf3 117. Kf1 g2+ 118. Kg1 Kg3 1/2-1/2


[Site "https://www.chess.com"]

[Event "Titled Tuesday Blitz November 14 Early 2023"]
[White "Timofeev, Artyom"]
[Black "Vlassov, Nikolai"]
[WhiteFideId "4140419"]
[BlackFideId "4103360"]
[WhiteElo "2839"]
[BlackElo "2617"]
[Result "1-0"]
[Round "7"]
[TimeControl "180+1"]
[Date "2023.11.14"]
[WhiteClock "0:01:37"]
[BlackClock "0:00:47"]
[Board "28"]

1. c4 e5 2. e3 Nf6 3. Nc3 Nc6 4. d3 Bb4 5. Bd2 O-O 6. Nf3 Re8 7. Be2 a5 8. O-O h6 9. Nd5 Bd6 10. Bc3 Nxd5 11. cxd5 Ne7 12. e4 Ng6 13. g3 c6 14. d4 Qf6 15. dxe5 Nxe5 16. Nd4 cxd5 17. f4 dxe4 18. fxe5 Qxe5 19. Bc4 Rf8 20. Nf5 Qc5+ 21. Kh1 Bxg3 22. Qg4 Be5 23. Nxh6+ Kh7 24. Nxf7 Bxc3 25. Qh4+ Kg6 26. Rg1+ 1-0


[Site "https://www.chess.com"]

[Event "Titled Tuesday Blitz November 14 Early 2023"]
[White "Nihal Sarin"]
[Black "Halkias, Stelios"]
[WhiteFideId "25092340"]
[BlackFideId "4201809"]
[WhiteElo "3102"]
[BlackElo "2725"]
[Result "1-0"]
[Round "7"]
[TimeControl "180+1"]
[Date "2023.11.14"]
[WhiteClock "0:01:38"]
[BlackClock "0:00:19"]
[Board "29"]

1. d4 Nf6 2. Nf3 g6 3. Nbd2 Bg7 4. e4 d6 5. Bb5+ c6 6. Bd3 O-O 7. O-O Nbd7 8. c3 e5 9. Re1 Re8 10. Nc4 Qc7 11. Bc2 b5 12. dxe5 bxc4 13. exf6 Bxf6 14. Bf4 Ne5 15. Nxe5 Bxe5 16. Bxe5 dxe5 17. Qd2 Be6 18. Qe3 Rab8 19. b4 cxb3 20. axb3 Bxb3 21. Rxa7 Qd6 22. Bxb3 Rxb3 23. h4 h5 24. Qf3 Re7 25. Rd1 Qe6 26. Rd8+ Re8 27. Rd6 Rb1+ 28. Kh2 Qb3 29. Rxg6+ fxg6 30. Qf6 Qb7 31. Rxb7 Rxb7 32. Qxc6 Ree7 33. Qxg6+ Kf8 34. Qxh5 Rbc7 35. Qf5+ Kg7 36. h5 Rf7 37. Qxe5+ Kh7 38. f3 Rce7 39. Qd6 1-0


[Site "https://www.chess.com"]

[Event "Titled Tuesday Blitz November 14 Early 2023"]
[White "Duda, Jan-Krzysztof"]
[Black "De Silva, L M S T"]
[WhiteFideId "1170546"]
[BlackFideId "9953698"]
[WhiteElo "3083"]
[BlackElo "2725"]
[Result "1-0"]
[Round "7"]
[TimeControl "180+1"]
[Date "2023.11.14"]
[WhiteClock "0:00:02"]
[BlackClock "0:00:02"]
[Board "30"]

1. d4 Nf6 2. Bf4 e6 3. e3 d5 4. Nf3 Bd6 5. Ne5 O-O 6. Nd2 c5 7. c3 Qc7 8. h4 Nc6 9. Ndf3 Nd7 10. Nd3 cxd4 11. cxd4 e5 12. dxe5 Ndxe5 13. Nfxe5 Nxe5 14. Bxe5 Bxe5 15. Rc1 Qe7 16. Nxe5 Qxe5 17. Qd4 Qe7 18. Bd3 Be6 19. O-O b6 20. Ba6 Bc8 21. Bxc8 Raxc8 22. Rfd1 h6 23. g3 Rxc1 24. Rxc1 Rd8 25. Rd1 Qc5 26. e4 Qxd4 27. Rxd4 Kf8 28. exd5 Ke7 29. h5 Kd6 30. Kg2 Rd7 31. Kf3 Ke5 32. Rg4 f6 33. Re4+ Kxd5 34. Kf4 Rc7 35. Re2 b5 36. Kf5 Rb7 37. g4 a5 38. Rd2+ Kc5 39. f4 a4 40. g5 fxg5 41. fxg5 hxg5 42. Kxg5 b4 43. Kg6 Kc4 44. Rg2 a3 45. bxa3 bxa3 46. Rg3 Ra7 47. Kh7 Ra5 48. Kg6 Ra7 49. Rf3 Kb4 50. Rb3+ Kc4 51. Rf3 Kb4 52. Re3 Kc4 53. Rb3 Kd4 54. Rf3 Kc4 55. Kh7 g5+ 56. Kg6 g4 57. Rg3 Ra6+ 58. Kg5 Ra5+ 59. Kxg4 Kd5 60. Re3 Kd4 61. Re2 Re5 62. Rxe5 Kxe5 63. Kg5 1-0


[Site "https://www.chess.com"]

[Event "Titled Tuesday Blitz November 14 Early 2023"]
[White "Le, Tuan Minh"]
[Black "Rozman, Levy"]
[WhiteFideId "12401153"]
[BlackFideId "2039877"]
[WhiteElo "3044"]
[BlackElo "2704"]
[Result "1/2-1/2"]
[Round "7"]
[TimeControl "180+1"]
[Date "2023.11.14"]
[WhiteClock "0:00:06"]
[BlackClock "0:00:03"]
[Board "31"]

1. d4 g6 2. e4 Bg7 3. Bc4 Nc6 4. Nf3 d6 5. O-O Nf6 6. Qe2 O-O 7. e5 dxe5 8. dxe5 Nd5 9. Rd1 e6 10. Bg5 Qe8 11. Nbd2 h6 12. Bh4 Na5 13. Bb5 Nf4 14. Qf1 c6 15. Ba4 b5 16. Bb3 c5 17. c4 bxc4 18. Bxc4 Bb7 19. Bg3 Nh5 20. Rac1 Nxg3 21. hxg3 Nxc4 22. Nxc4 Qa4 23. b3 Qxa2 24. Ra1 Qc2 25. Rd2 Qc3 26. Rc1 Qb4 27. Ra2 Bxf3 28. gxf3 Qxb3 29. Ra3 Qb7 30. f4 h5 31. Nd6 Qd5 32. Rd3 Qc6 33. Rdc3 Qa4 34. Rxc5 a5 35. R5c4 Qb3 36. R1c3 Qb6 37. Ra4 Rfd8 38. Rac4 Bf8 39. Rc6 Qd4 40. R3c4 Qd5 41. Ne4 Bg7 42. Kg2 a4 43. R6c5 Qb7 44. Rc7 Qd5 45. Qe2 a3 46. R4c5 Qd3 47. Qxd3 Rxd3 48. Rc8+ Rd8 49. Rxd8+ Rxd8 50. Ra5 Bf8 51. Ra7 Rb8 52. Nf6+ Kg7 53. Nd7 Rb3 54. Kf1 Bb4 55. Nf6 Bf8 56. Ne8+ Kg8 57. Nd6 Bxd6 58. exd6 Rd3 59. d7 Kf8 60. Ke2 Rd6 61. Ke3 Ke7 62. d8=Q+ Kxd8 63. Rxa3 Ke7 64. Ke4 Rd7 65. Ra6 Rb7 66. Ra4 Kf6 67. Kf3 Rd7 68. Ra5 Rd5 69. Ra4 Rc5 70. Ra3 Rb5 71. Rc3 Rb4 72. Ra3 Rb5 73. Ra4 Rb6 74. Ra5 Rd6 75. Ke4 Rc6 76. Ke3 Rc3+ 77. Ke2 Rc2+ 78. Kf3 Rc8 79. Ra3 Rh8 80. Kg2 Re8 81. Re3 e5 82. Re1 Re6 83. fxe5+ Rxe5 84. Ra1 Re6 85. Ra5 Re5 86. Ra4 Rc5 87. Kf3 Kg5 88. Ra7 f5 89. Ra4 Rc3+ 90. Kg2 Rc6 91. Kh3 Re6 92. Ra5 Re2 93. f4+ Kh6 94. Ra6 Re3 95. Kg2 Re2+ 96. Kf3 Re7 97. Rb6 Kg7 98. Ra6 Rc7 99. Rb6 Kh6 100. Ra6 Rc3+ 101. Kg2 h4 102. gxh4 Kh5 103. Kf2 Rb3 104. Rc6 Rh3 105. Ra6 Rxh4 106. Kg3 Rg4+ 107. Kf3 Kh4 108. Rb6 Rg3+ 109. Kf2 Kh3 110. Ra6 Rg4 111. Kf3 Kh2 112. Ra2+ Kg1 113. Rb2 Kh1 114. Rc2 Kg1 115. Rd2 Kh1 116. Ra2 Kg1 117. Rb2 Kh1 118. Ra2 Rh4 119. Kg3 Rg4+ 120. Kf3 1/2-1/2


[Site "https://www.chess.com"]

[Event "Titled Tuesday Blitz November 14 Early 2023"]
[White "Sadhwani, Raunak"]
[Black "Ilkhomi, Jaloliddin"]
[WhiteFideId "35093487"]
[BlackFideId "14700948"]
[WhiteElo "3039"]
[BlackElo "2702"]
[Result "1-0"]
[Round "7"]
[TimeControl "180+1"]
[Date "2023.11.14"]
[WhiteClock "0:01:08"]
[BlackClock "0:00:01"]
[Board "32"]

1. h3 Nf6 2. Nf3 b6 3. g4 Bb7 4. Bg2 h6 5. d3 d5 6. Bf4 Nbd7 7. e3 e6 8. Nc3 Bd6 9. Bxd6 cxd6 10. Qe2 Ne5 11. Nd4 Nc6 12. Nxc6 Bxc6 13. O-O-O Qd7 14. Kb1 O-O-O 15. f4 Kb8 16. e4 d4 17. e5 Bxg2 18. Qxg2 dxc3 19. exf6 Qb5 20. b3 Qc5 21. Ka1 gxf6 22. d4 Qa3 23. Rb1 Rc8 24. f5 d5 25. fxe6 fxe6 26. Qf3 Rhf8 27. b4 Rc4 28. Rb3 Qa4 29. Qf4+ Kb7 30. Qxh6 Rf7 31. Qe3 Re7 32. Rhb1 Qc6 33. b5 Qc7 34. Rd1 Qh2 35. Kb1 e5 36. dxe5 Rxe5 37. Qf3 Qd2 38. Rxd2 cxd2 39. Kb2 Rd4 40. Rd3 Rxd3 41. Qxd3 1-0


[Site "https://www.chess.com"]

[Event "Titled Tuesday Blitz November 14 Early 2023"]
[White "Timerkhanov, Alexander"]
[Black "Yeletsky, Ivan"]
[WhiteFideId "24177938"]
[BlackFideId "24180327"]
[WhiteElo "2698"]
[BlackElo "2902"]
[Result "0-1"]
[Round "7"]
[TimeControl "180+1"]
[Date "2023.11.14"]
[WhiteClock "0:00:45"]
[BlackClock "0:00:30"]
[Board "33"]

1. d4 Nf6 2. Bg5 e6 3. Nd2 h6 4. Bh4 d6 5. e4 Nbd7 6. Ngf3 g5 7. Bg3 Nh5 8. Bd3 Bg7 9. Qe2 g4 10. Ng1 Bxd4 11. c3 Nxg3 12. hxg3 Bb6 13. Qxg4 Ne5 14. Qe2 Qf6 15. Ngf3 Ng4 16. Rf1 h5 17. Nc4 Bd7 18. Nxb6 axb6 19. a3 Ke7 20. O-O-O Ba4 21. Bc2 Bc6 22. Nd4 Ra5 23. f4 Bd7 24. Kb1 Kd8 25. Rh1 Qg7 26. Nf3 Kc8 27. Ng5 Kb8 28. e5 Nxe5 29. Rxh5 Rxh5 30. Qxh5 Nc4 31. Qxf7 Rxg5 0-1


[Site "https://www.chess.com"]

[Event "Titled Tuesday Blitz November 14 Early 2023"]
[White "Rustemov, Alexander"]
[Black "Mladenovic, Stefan"]
[WhiteFideId "4119002"]
[BlackFideId "942227"]
[WhiteElo "2900"]
[BlackElo "2690"]
[Result "1-0"]
[Round "7"]
[TimeControl "180+1"]
[Date "2023.11.14"]
[WhiteClock "0:01:49"]
[BlackClock "0:01:14"]
[Board "34"]

1. d4 Nf6 2. c4 e6 3. Nf3 b6 4. a3 Bb7 5. Nc3 d5 6. Bg5 dxc4 7. e4 h6 8. Bxf6 Qxf6 9. Bxc4 Nd7 10. O-O a6 11. Qe2 Qd8 12. Rad1 Be7 13. e5 Qc8 14. d5 Nf8 15. Nd4 Bc5 16. dxe6 fxe6 17. Qg4 Bxd4 18. Rxd4 g5 19. f4 Rg8 20. Qh5+ Ke7 21. f5 Nh7 22. f6+ Kf8 23. Qxh6+ 1-0


[Site "https://www.chess.com"]

[Event "Titled Tuesday Blitz November 14 Early 2023"]
[White "Mahdavi, Reza"]
[Black "Akhmedinov, Satbek"]
[WhiteFideId "12595926"]
[BlackFideId "13714287"]
[WhiteElo "2881"]
[BlackElo "2688"]
[Result "1-0"]
[Round "7"]
[TimeControl "180+1"]
[Date "2023.11.14"]
[WhiteClock "0:01:35"]
[BlackClock "0:00:17"]
[Board "35"]

1. e4 c5 2. Nf3 Nc6 3. d4 cxd4 4. Nxd4 Nf6 5. Nc3 e5 6. Ndb5 d6 7. Nd5 Nxd5 8. exd5 Nb8 9. Qf3 a6 10. Qa3 Be7 11. Bg5 f6 12. Be3 O-O 13. O-O-O Bg4 14. f3 Bh5 15. g4 Be8 16. Nc3 Nd7 17. Ne4 Nb6 18. Qb3 Na4 19. Bd3 b5 20. h4 Kh8 21. h5 h6 22. Kb1 Bf7 23. c3 Qc7 24. Ka1 Nb6 25. Bb1 Nc4 26. Bc1 Bg8 27. Qc2 Bh7 28. Qe2 a5 29. Ng3 Bxb1 30. Kxb1 Rfb8 31. Nf5 Bf8 32. f4 b4 33. cxb4 Rxb4 34. Rh3 Rab8 35. fxe5 dxe5 36. Rc3 a4 37. Qc2 Nxb2 38. Rxc7 Nxd1+ 39. Ka1 Nf2 40. Rc8 Rxc8 41. Qxc8 Kg8 42. Ne7+ Kf7 43. Qe6+ 1-0


[Site "https://www.chess.com"]

[Event "Titled Tuesday Blitz November 14 Early 2023"]
[White "Skliarov, Viktor"]
[Black "Henriquez Villagra, Cristobal"]
[WhiteFideId "14106736"]
[BlackFideId "3409350"]
[WhiteElo "2674"]
[BlackElo "2876"]
[Result "0-1"]
[Round "7"]
[TimeControl "180+1"]
[Date "2023.11.14"]
[WhiteClock "0:00:13"]
[BlackClock "0:00:53"]
[Board "36"]

1. e4 g6 2. d4 d6 3. Nc3 a6 4. Be3 b5 5. f3 Bb7 6. Qd2 Nd7 7. O-O-O e6 8. g4 h5 9. g5 Ne7 10. h4 Bg7 11. Kb1 Nb6 12. Bd3 d5 13. b3 Qd7 14. e5 O-O 15. Nh3 Nc4 16. Qf2 Nxe3 17. Qxe3 c5 18. dxc5 d4 19. Be4 Bxe4 20. Qxe4 Nf5 21. Ne2 Rfd8 22. Nhf4 Rac8 23. Nd3 Bf8 24. b4 a5 25. a3 axb4 26. axb4 Ra8 27. Kb2 Ne3 28. Ra1 Nc4+ 29. Kb3 Nd2+ 0-1


[Site "https://www.chess.com"]

[Event "Titled Tuesday Blitz November 14 Early 2023"]
[White "Yaran, Siar"]
[Black "mind1mover"]
[WhiteFideId "6323006"]
[WhiteElo "2672"]
[BlackElo "2836"]
[Result "1-0"]
[Round "7"]
[TimeControl "180+1"]
[Date "2023.11.14"]
[WhiteClock "0:00:10"]
[BlackClock "0:00:04"]
[Board "37"]

1. e4 d6 2. d4 Nf6 3. f3 e5 4. dxe5 dxe5 5. Qxd8+ Kxd8 6. Bc4 Ke8 7. Be3 c6 8. Nd2 Nbd7 9. a4 b6 10. h4 Bc5 11. Nf1 a5 12. h5 h6 13. Ne2 Ke7 14. Nc1 Bb4+ 15. Ke2 Bd6 16. Nd3 Rb8 17. Ng3 Nf8 18. Rhd1 Be6 19. Bxe6 fxe6 20. Rh1 N8d7 21. Nf1 Ra8 22. Nd2 b5 23. Ra2 Rhb8 24. g4 Nb6 25. b3 Nfd7 26. Rha1 bxa4 27. bxa4 Rb7 28. c3 Rab8 29. Kd1 Bc7 30. Kc2 Bd6 31. Rb1 Ra8 32. Rab2 Rab8 33. Bg1 Kd8 34. Ra2 Kc8 35. Nb2 Bc5 36. Bh2 Bd6 37. Raa1 Bc7 38. Nbc4 Nxc4 39. Nxc4 Rxb1 40. Rxb1 Rxb1 41. Kxb1 Nc5 42. Nb2 Nd7 43. Kc2 Nc5 44. Bg1 Nd7 45. Nc4 Kb7 46. Be3 Bd8 47. Bc1 Be7 48. Nxa5+ Kb6 49. Nc4+ Ka6 50. Be3 Bf8 51. Kd3 Be7 52. Ke2 Bf8 53. Bf2 Be7 54. Bg3 Bf6 55. Nd6 Ka5 56. Ne8 Kxa4 57. Nxf6 gxf6 58. Be1 Kb3 59. Bd2 Nf8 60. Bxh6 Nh7 61. Kd3 c5 62. c4 Kb4 63. Be3 Nf8 64. f4 exf4 65. Bxf4 Nh7 66. e5 fxe5 67. Bxe5 Ng5 68. Bf6 Nh7 69. Be7 e5 70. g5 e4+ 71. Kxe4 Kxc4 72. g6 1-0


[Site "https://www.chess.com"]

[Event "Titled Tuesday Blitz November 14 Early 2023"]
[White "Raahul V S"]
[Black "Hafiz, Arif Abdul"]
[WhiteFideId "25035525"]
[BlackFideId "7104227"]
[WhiteElo "2672"]
[BlackElo "2833"]
[Result "1-0"]
[Round "7"]
[TimeControl "180+1"]
[Date "2023.11.14"]
[WhiteClock "0:00:07"]
[BlackClock "0:00:03"]
[Board "38"]

1. b3 e5 2. Bb2 Nc6 3. c4 Nf6 4. e3 Be7 5. a3 O-O 6. Qc2 Re8 7. Nf3 e4 8. Ng5 Bf8 9. Nc3 Qe7 10. d3 exd3 11. Bxd3 Ne5 12. Bxh7+ Kh8 13. Be4 c6 14. h4 d6 15. Bf5 Bxf5 16. Qxf5 g6 17. Qc2 Bh6 18. O-O-O Kg8 19. Nce4 Nxe4 20. Nxe4 Rad8 21. Kb1 d5 22. cxd5 cxd5 23. Nc3 Qe6 24. h5 g5 25. Nb5 Rc8 26. Qd2 Qf5+ 27. Ka2 Rc2 28. Nd4 Rxb2+ 29. Qxb2 Qf6 30. Qc2 Bf8 31. Qf5 Qe7 32. Nc2 Rd8 33. Rd4 Rd6 34. Rhd1 Ra6 35. Ra4 Rxa4 36. bxa4 Qc7 37. Rd4 Be7 38. Kb1 Nc4 39. Qxd5 Nb6 40. Qb3 Qc6 41. a5 Nd7 42. Qd5 Qxd5 43. Rxd5 Nc5 44. Nd4 Ne4 45. Nf5 Bf8 46. Kc2 Nxf2 47. Rd8 Ng4 48. h6 1-0


[Site "https://www.chess.com"]

[Event "Titled Tuesday Blitz November 14 Early 2023"]
[White "Cherniaiev, Tykhon"]
[Black "Skvortsov, Andrei"]
[WhiteFideId "14182360"]
[BlackFideId "24108600"]
[WhiteElo "2831"]
[BlackElo "2668"]
[Result "1-0"]
[Round "7"]
[TimeControl "180+1"]
[Date "2023.11.14"]
[WhiteClock "0:00:09"]
[BlackClock "0:00:06"]
[Board "39"]

1. Nf3 d6 2. d4 g6 3. e4 Bg7 4. Bd3 Nd7 5. O-O e5 6. c3 h6 7. b3 c6 8. Ba3 Nf8 9. Nbd2 Ne6 10. Nc4 c5 11. dxe5 dxe5 12. Ncxe5 a6 13. b4 Qc7 14. Ng4 Nf4 15. Ne3 Ne7 16. bxc5 Bxc3 17. Nc4 Nxd3 18. Nd6+ Kf8 19. Qxd3 Bxa1 20. Rxa1 Nc6 21. Bb2 Rh7 22. h4 Be6 23. h5 gxh5 24. Bf6 Ne7 25. Qe3 b6 26. Bd4 bxc5 27. Bxc5 Kg8 28. Rd1 Bg4 29. Rc1 Ng6 30. Nd4 Qd7 31. N4f5 Qe6 32. Nxh6+ Kg7 33. Ndf5+ Bxf5 34. Nxf5+ Kg8 35. Bd4 Rd8 36. Nh6+ Kf8 37. Qa3+ Ne7 38. Nf5 Qxe4 39. Bc5 f6 40. Bxe7+ Rxe7 41. Nxe7 Qxe7 42. Qxa6 Rd6 43. Qb5 Qf7 44. Qb8+ Ke7 45. Rc7+ Rd7 46. Rxd7+ Kxd7 47. Qb7+ Ke6 48. Qxf7+ Kxf7 49. Kh2 Kg6 50. Kh3 Kg5 51. a4 1-0


[Site "https://www.chess.com"]

[Event "Titled Tuesday Blitz November 14 Early 2023"]
[White "Ovetchkin, Roman"]
[Black "Samsonkin, Artiom"]
[WhiteFideId "4119991"]
[BlackFideId "13503111"]
[WhiteElo "2670"]
[BlackElo "2822"]
[Result "0-1"]
[Round "7"]
[TimeControl "180+1"]
[Date "2023.11.14"]
[WhiteClock "0:00:14"]
[BlackClock "0:00:31"]
[Board "40"]

1. d4 Nf6 2. c4 e6 3. g3 Bb4+ 4. Bd2 Qe7 5. Bg2 Nc6 6. e3 e5 7. d5 Bxd2+ 8. Qxd2 Nb8 9. d6 cxd6 10. Nc3 d5 11. Nxd5 Nxd5 12. Bxd5 d6 13. Ne2 O-O 14. O-O Nc6 15. Nc3 Bh3 16. Rfe1 Rad8 17. Rad1 Kh8 18. Ne4 f5 19. Bxc6 bxc6 20. Nxd6 c5 21. Nf7+ Qxf7 22. Qxd8 h6 23. Qd5 Qh5 24. f3 e4 25. f4 Kh7 26. Qxc5 Rf6 27. Rd2 Rg6 28. Qxa7 Qf3 29. Rde2 Rxg3+ 30. hxg3 Qxg3+ 31. Kh1 Bg4 32. Rf1 Bxe2 0-1


[Site "https://www.chess.com"]

[Event "Titled Tuesday Blitz November 14 Early 2023"]
[White "Bao, Qilin"]
[Black "Dragun, Kamil"]
[WhiteFideId "8605750"]
[BlackFideId "1134167"]
[WhiteElo "2657"]
[BlackElo "2818"]
[Result "0-1"]
[Round "7"]
[TimeControl "180+1"]
[Date "2023.11.14"]
[WhiteClock "0:00:19"]
[BlackClock "0:00:14"]
[Board "41"]

1. d4 Nf6 2. Bf4 e6 3. e3 d5 4. Bd3 Bd6 5. Bxd6 Qxd6 6. c3 c5 7. Nf3 Nc6 8. O-O O-O 9. Nbd2 e5 10. dxe5 Nxe5 11. Nxe5 Qxe5 12. a4 Qe7 13. a5 Bg4 14. Qa4 Rad8 15. Rfe1 g6 16. Qf4 Kg7 17. h3 Bd7 18. Nf3 Rfe8 19. Qc7 Bc6 20. Qxe7 Rxe7 21. Rad1 Ne4 22. Bxe4 Rxe4 23. Nd2 Ra4 24. Ra1 Rxa1 25. Rxa1 d4 26. exd4 cxd4 27. c4 Re8 28. Kf1 Kf6 29. b4 a6 30. Rb1 d3 31. Rb3 Rd8 32. b5 axb5 33. cxb5 Bd5 34. Rc3 Ke5 35. Rxd3 Bxg2+ 36. Ke2 Rxd3 37. Kxd3 Bxh3 38. a6 bxa6 39. bxa6 Bc8 40. Nc4+ Kf4 41. a7 Bb7 42. Ke2 h5 43. Nb6 h4 44. a8=Q Bxa8 45. Nxa8 h3 46. Kf1 Kf3 47. Kg1 g5 48. Nc7 f5 49. Ne6 g4 50. Ng5+ Ke2 51. f3 h2+ 52. Kxh2 gxf3 53. Nh3 f2 54. Nf4+ Kf3 0-1


[Site "https://www.chess.com"]

[Event "Titled Tuesday Blitz November 14 Early 2023"]
[White "Xu, Yi"]
[Black "Makhnev, Denis"]
[WhiteFideId "8605564"]
[BlackFideId "13707647"]
[WhiteElo "2815"]
[BlackElo "2656"]
[Result "1-0"]
[Round "7"]
[TimeControl "180+1"]
[Date "2023.11.14"]
[WhiteClock "0:01:36"]
[BlackClock "0:00:12"]
[Board "42"]

1. e4 c6 2. d4 d5 3. e5 Bf5 4. Ne2 e6 5. Ng3 Bg6 6. h4 h6 7. h5 Bh7 8. Bd3 Bxd3 9. Qxd3 Qa5+ 10. c3 Qa6 11. Qxa6 Nxa6 12. Be3 c5 13. f4 cxd4 14. cxd4 Bb4+ 15. Ke2 Ne7 16. a3 Ba5 17. b4 Bb6 18. Kd3 Rc8 19. Nd2 Nb8 20. Ne2 Nd7 21. g4 O-O 22. Rac1 a5 23. b5 Rxc1 24. Rxc1 Rc8 25. Rxc8+ Nxc8 26. a4 Ne7 27. Nb3 Bc7 28. Nc5 1-0


[Site "https://www.chess.com"]